PL
NORTHERN VIRGINIA RAINBOW MERMAIDS @ VANCOUVER GREY WOLVES
09/23/2031
 
TOP OF THE 1ST
Northern Virginia Rainbow Mermaids batting - Pitching for Vancouver Grey Wolves : RHP Roy Shively
Pitching: RHP Roy Shively
Batting: LHB Ty Tomblin 0-0: Fly out, F8 (Flyball, 8LD)
Batting: LHB Scott Kerin 0-0: Called Strike
0-1: Ball
1-1: Called Strike
1-2: Ball
2-2: Foul Ball, location: 2F
2-2: Strikes out looking
Batting: LHB Kyoji Hakoda 0-0: Swinging Strike
0-1: Swinging Strike
0-2: Strikes out looking
Top of the 1st over - 0 runs, 0 hits, 0 errors, 0 left on base; Northern Virginia 0 - Vancouver 0
BOTTOM OF THE 1ST
Vancouver Grey Wolves batting - Pitching for Northern Virginia Rainbow Mermaids : LHP Raúl Gómez
Pitching: LHP Raúl Gómez
Batting: RHB Urs van Munster 0-0: Swinging Strike
0-1: Ball
1-1: Foul Ball, location: 2F
1-2: Ball
2-2: Ball
3-2: SINGLE (Groundball, 56D)
Batting: RHB Iván Vega 0-0: Ball
1-0: Foul Ball, location: 2F
1-1: Fly out, F5 (Line Drive, 5S)
Batting: SHB Terumoto Kurihara 0-0: Ball
1-0: Foul Ball, location: 2F
1-1: Grounds into double play, 1-6-3 (Groundball, P)
Bottom of the 1st over - 0 runs, 1 hit, 0 errors, 0 left on base; Northern Virginia 0 - Vancouver 0
TOP OF THE 2ND
Northern Virginia Rainbow Mermaids batting - Pitching for Vancouver Grey Wolves : RHP Roy Shively
Batting: SHB Melito Báez 0-0: Ball
1-0: Ball
2-0: SOLO HOME RUN (Flyball, 9D), Distance : 353 ft
Batting: LHB Count Dante 0-0: Called Strike
0-1: Ball
1-1: Ball
2-1: Ball
3-1: Called Strike
3-2: Ground out U3 (Groundball, 3L)
Batting: RHB Mike Strickland 0-0: Ball
1-0: Fly out, F9 (Flyball, 9)
Batting: SHB Galtero Suárez 0-0: Foul Ball, location: 2F
0-1: Ground out U3 (Groundball, 3)
Top of the 2nd over - 1 run, 1 hit, 0 errors, 0 left on base; Northern Virginia 1 - Vancouver 0
BOTTOM OF THE 2ND
Vancouver Grey Wolves batting - Pitching for Northern Virginia Rainbow Mermaids : LHP Raúl Gómez
Batting: RHB Arlen Joysey 0-0: Ball
1-0: SOLO HOME RUN (Flyball, 7LD), Distance : 321 ft
Batting: RHB David Edwards 0-0: Called Strike
0-1: Called Strike
0-2: Ball
1-2: Ball
2-2: Ball
3-2: SINGLE (Line Drive, 6)
Batting: LHB Michael Malloy 0-0: Swinging Strike
0-1: Ball
1-1: Ball
2-1: Ball
3-1: Swinging Strike
3-2: Foul Ball, location: 2F
3-2: Fly out, F9 (Flyball, 89M)
Batting: RHB Hugh Mungus 0-0: Ball
1-0: Called Strike
1-1: Ball
2-1: Ball
3-1: Swinging Strike
3-2: Strikes out swinging
Batting: LHB Preston Witt 0-0: Called Strike
0-1: Ball
1-1: Fly out, F9 (Flyball, 9LM)
Bottom of the 2nd over - 1 run, 2 hits, 0 errors, 1 left on base; Northern Virginia 1 - Vancouver 1
TOP OF THE 3RD
Northern Virginia Rainbow Mermaids batting - Pitching for Vancouver Grey Wolves : RHP Roy Shively
Batting: RHB Colt Cabana 0-0: Ball
1-0: Called Strike
1-1: Ball
2-1: Ball
3-1: Swinging Strike
3-2: Foul Ball, location: 2F
3-2: Reached on error, E5 (Groundball, 5)
Batting: LHB José Ruíz 0-0: Ball
1-0: Called Strike
Colt Cabana steals 2nd base
1-1: Ball
2-1: Ground out 6-3 (Groundball, 6M)
Colt Cabana to third
Batting: LHB Ty Tomblin 0-0: Ball
1-0: Called Strike
1-1: Ground out 4-3 (Groundball, 4)
Colt Cabana scores
Batting: LHB Scott Kerin 0-0: Ball
1-0: Foul Ball, location: 2F
1-1: SINGLE (Line Drive, 4D)
Batting: LHB Kyoji Hakoda 0-0: Called Strike
0-1: Fly out, F8 (Line Drive, 8RS)
Top of the 3rd over - 1 run, 1 hit, 1 error, 1 left on base; Northern Virginia 2 - Vancouver 1
BOTTOM OF THE 3RD
Vancouver Grey Wolves batting - Pitching for Northern Virginia Rainbow Mermaids : LHP Raúl Gómez
Batting: RHB Wilson Vega 0-0: Ground out 5-3 (Groundball, 5)
Batting: RHB Urs van Munster 0-0: Called Strike
0-1: Called Strike
0-2: Ball
1-2: Foul Ball, location: 2F
1-2: Ball
2-2: Ball
3-2: Foul Ball, location: 2F
3-2: SINGLE (Line Drive, 6MD)
Batting: RHB Iván Vega 0-0: Ball
1-0: Foul Ball, location: 2F
1-1: Ball
2-1: Grounds into double play, 5-4-3 (Groundball, 5)
Bottom of the 3rd over - 0 runs, 1 hit, 0 errors, 0 left on base; Northern Virginia 2 - Vancouver 1
TOP OF THE 4TH
Northern Virginia Rainbow Mermaids batting - Pitching for Vancouver Grey Wolves : RHP Roy Shively
Batting: SHB Melito Báez 0-0: Ball
1-0: Ball
2-0: Ball
3-0: Called Strike
3-1: Ground out 4-3 (Groundball, 4)
Batting: LHB Count Dante 0-0: Fly out, F9 (Flyball, 89D)
Batting: RHB Mike Strickland 0-0: Swinging Strike
0-1: Ball
1-1: Ball
2-1: Swinging Strike
2-2: Ball
3-2: Base on Balls
Batting: SHB Galtero Suárez 0-0: Ball
1-0: Ball
2-0: Called Strike
2-1: Fielders Choice at 2nd, 6-4 (Groundball, 56D)
Top of the 4th over - 0 runs, 0 hits, 0 errors, 1 left on base; Northern Virginia 2 - Vancouver 1
BOTTOM OF THE 4TH
Vancouver Grey Wolves batting - Pitching for Northern Virginia Rainbow Mermaids : LHP Raúl Gómez
Batting: SHB Terumoto Kurihara 0-0: Foul Ball, location: 2F
0-1: Ball
1-1: Ball
2-1: Foul Ball, location: 2F
2-2: Ball
3-2: SINGLE (Line Drive, 89S)
Batting: RHB Arlen Joysey 0-0: Ground out 5-3 (Groundball, 56S)
Terumoto Kurihara to second
Pitching: RHP Guldemunde Geilinger
Batting: RHB David Edwards 0-0: Foul Ball, location: 2F
0-1: Ball
1-1: Foul Ball, location: 2F
1-2: Ball
2-2: Ball
3-2: Foul Ball, location: 2F
3-2: Ground out U3 (Groundball, 3)
Terumoto Kurihara to third
Batting: LHB Michael Malloy 0-0: Foul Ball, location: 2F
0-1: Ball
1-1: Swinging Strike
1-2: Foul Ball, location: 2F
1-2: SINGLE (Groundball, 4MD)
Terumoto Kurihara scores
Batting: RHB Hugh Mungus 0-0: Ball
1-0: Called Strike
1-1: Called Strike
Michael Malloy steals 2nd base
1-2: Foul Ball, location: 2F
1-2: Strikes out swinging
Bottom of the 4th over - 1 run, 2 hits, 0 errors, 1 left on base; Northern Virginia 2 - Vancouver 2
TOP OF THE 5TH
Northern Virginia Rainbow Mermaids batting - Pitching for Vancouver Grey Wolves : RHP Roy Shively
Batting: RHB Colt Cabana 0-0: Ball
1-0: Called Strike
1-1: Ball
2-1: Swinging Strike
2-2: Hit by Pitch
Pitching: LHP Felipe Machado
Batting: LHB José Ruíz 0-0: Called Strike
0-1: Ball
1-1: Swinging Strike
1-2: Strikes out swinging
Batting: LHB Ty Tomblin 0-0: Called Strike
0-1: Ball
1-1: DOUBLE (Flyball, 8LD)
Colt Cabana to third
Runner from 3rd tries for Home, SAFE, no throw
Batting: LHB Scott Kerin 0-0: Ball
1-0: Called Strike
1-1: Ball
2-1: Foul Ball, location: 2F
2-2: Ball
3-2: Base on Balls
Batting: LHB Kyoji Hakoda 0-0: Called Strike
0-1: Called Strike
0-2: Fly out, F5 (Popup, 6)
Batting: SHB Melito Báez 0-0: Called Strike
0-1: Ball
1-1: Ball
2-1: Foul Ball, location: 2F
2-2: Fly out, F9 (Flyball, 9LMF)
Top of the 5th over - 1 run, 1 hit, 0 errors, 2 left on base; Northern Virginia 3 - Vancouver 2
BOTTOM OF THE 5TH
Vancouver Grey Wolves batting - Pitching for Northern Virginia Rainbow Mermaids : RHP Guldemunde Geilinger
Batting: LHB Preston Witt 0-0: Called Strike
0-1: Called Strike
0-2: Strikes out swinging
Batting: RHB Wilson Vega 0-0: Ball
1-0: Ball
2-0: Foul Ball, location: 2F
2-1: Ball
3-1: Base on Balls
Batting: RHB Urs van Munster 0-0: Ball
1-0: Foul Ball, location: 2F
1-1: Ball
2-1: Fielders Choice at 2nd, 5-4 (Groundball, 5)
Batting: RHB Iván Vega 0-0: Ball
1-0: Ball
2-0: Ball
3-0: Called Strike
3-1: Foul Ball, location: 2F
3-2: Base on Balls
Urs van Munster to second
Batting: SHB Terumoto Kurihara 0-0: Called Strike
0-1: Called Strike
0-2: Ball
1-2: Ball
2-2: Ball
3-2: Foul Ball, location: 2F
3-2: Base on Balls
Urs van Munster to third
Iván Vega to second
Batting: RHB Arlen Joysey 0-0: SINGLE (Groundball, 6MD)
Urs van Munster scores
Iván Vega to third
Terumoto Kurihara to second
Runner from 3rd tries for Home, SAFE, no throw
Batting: RHB David Edwards 0-0: Ball
1-0: Ball
2-0: Foul Ball, location: 2F
2-1: Swinging Strike
2-2: Foul Ball, location: 2F
2-2: Foul Ball, location: 2F
2-2: Ball
3-2: Base on Balls
Terumoto Kurihara to third
Arlen Joysey to second
Batting: LHB Michael Malloy 0-0: Foul Ball, location: 2F
0-1: Foul Ball, location: 2F
0-2: Ball
1-2: Fly out, F8 (Flyball, 8LM)
Bottom of the 5th over - 2 runs, 1 hit, 0 errors, 3 left on base; Northern Virginia 3 - Vancouver 4
TOP OF THE 6TH
Northern Virginia Rainbow Mermaids batting - Pitching for Vancouver Grey Wolves : LHP Felipe Machado
Batting: LHB Count Dante 0-0: Ball
1-0: Ball
2-0: Ball
3-0: Called Strike
3-1: Foul Ball, location: 2F
3-2: Reached on error, E5 (Groundball, 5)
Batting: RHB Mike Strickland 0-0: 2-RUN HOME RUN (Flyball, 7LD), Distance : 335 ft
Batting: SHB Galtero Suárez 0-0: SINGLE (Groundball, 4MD)
Batting: RHB Colt Cabana 0-0: Bunt - Flyout! F1
Batting: LHB José Ruíz 0-0: Ball
1-0: Foul Ball, location: 2F
1-1: Swinging Strike
1-2: Foul Ball, location: 2F
1-2: Hit by Pitch
Galtero Suárez to second
Batting: LHB Ty Tomblin 0-0: SINGLE (Groundball, 3D)
Galtero Suárez to third
José Ruíz to second
Runner from 3rd tries for Home, SAFE, throw made home
Batting: LHB Scott Kerin 0-0: Ball
1-0: Ball
2-0: Grounds into double play, U5-3 (Groundball, 5L)
Top of the 6th over - 3 runs, 3 hits, 1 error, 1 left on base; Northern Virginia 6 - Vancouver 4
BOTTOM OF THE 6TH
Vancouver Grey Wolves batting - Pitching for Northern Virginia Rainbow Mermaids : RHP Guldemunde Geilinger
Batting: RHB Hugh Mungus 0-0: Ball
1-0: Called Strike
1-1: Foul Ball, location: 2F
1-2: Strikes out swinging
Batting: LHB Preston Witt 0-0: Ball
1-0: Ball
2-0: Fly out, F7 (Flyball, 7LM)
Batting: RHB Wilson Vega 0-0: DOUBLE (Groundball, 5L)
Batting: RHB Urs van Munster 0-0: Called Strike
0-1: Swinging Strike
0-2: Ball
1-2: Fly out, F7 (Flyball, 7S)
Bottom of the 6th over - 0 runs, 1 hit, 0 errors, 1 left on base; Northern Virginia 6 - Vancouver 4
TOP OF THE 7TH
Northern Virginia Rainbow Mermaids batting - Pitching for Vancouver Grey Wolves : LHP Felipe Machado
Batting: LHB Kyoji Hakoda 0-0: Called Strike
0-1: Foul Ball, location: 2F
0-2: Ball
1-2: Foul Ball, location: 2F
1-2: Foul Ball, location: 2F
1-2: Ball
2-2: Ball
3-2: Foul Ball, location: 2F
3-2: Base on Balls
Batting: SHB Melito Báez 0-0: Foul Ball, location: 2F
0-1: Foul Ball, location: 2F
0-2: Strikes out looking
Batting: LHB Count Dante 0-0: Foul Ball, location: 2F
0-1: Ball
1-1: Ball
2-1: Ball
3-1: Base on Balls
Kyoji Hakoda to second
Batting: RHB Mike Strickland 0-0: Ball
1-0: Called Strike
1-1: Grounds out, U3 (Groundball, 3L)
Kyoji Hakoda to third
Batting: SHB Galtero Suárez 0-0: Fly out, F9 (Flyball, 9)
Top of the 7th over - 0 runs, 0 hits, 0 errors, 2 left on base; Northern Virginia 6 - Vancouver 4
BOTTOM OF THE 7TH
Vancouver Grey Wolves batting - Pitching for Northern Virginia Rainbow Mermaids : RHP Guldemunde Geilinger
Pitching: RHP Iván García
Batting: RHB Iván Vega 0-0: Ball
1-0: Foul Ball, location: 2F
1-1: Called Strike
1-2: Ball
2-2: Ground out 5-3 (Groundball, 5S)
Batting: SHB Terumoto Kurihara 0-0: Called Strike
0-1: SINGLE (Groundball, 5D)
Batting: RHB Arlen Joysey 0-0: Ball
1-0: Called Strike
1-1: SINGLE (Flyball, 8RS)
Terumoto Kurihara to second
Batting: RHB David Edwards 0-0: Swinging Strike
0-1: Ball
1-1: Called Strike
1-2: Ball
2-2: Foul Ball, location: 2F
2-2: Foul Ball, location: 2F
2-2: Foul Ball, location: 2F
2-2: Strikes out swinging
Batting: LHB Michael Malloy 0-0: Ball
1-0: Ball
2-0: Called Strike
2-1: Ball
3-1: Foul Ball, location: 2F
3-2: Base on Balls
Terumoto Kurihara to third
Arlen Joysey to second
Batting: RHB Hugh Mungus 0-0: Called Strike
0-1: Ball
1-1: Foul Ball, location: 2F
1-2: Ball
2-2: Foul Ball, location: 2F
2-2: Foul Ball, location: 2F
2-2: Foul Ball, location: 2F
2-2: Foul Ball, location: 2F
2-2: Ground out 5-3 (Groundball, 56S)
Bottom of the 7th over - 0 runs, 2 hits, 0 errors, 3 left on base; Northern Virginia 6 - Vancouver 4
TOP OF THE 8TH
Northern Virginia Rainbow Mermaids batting - Pitching for Vancouver Grey Wolves : LHP Felipe Machado
Pitching: RHP Francisco Valdés
Batting: RHB Colt Cabana 0-0: Called Strike
0-1: Ball
1-1: Swinging Strike
1-2: Ball
2-2: Strikes out swinging
Batting: LHB José Ruíz 0-0: Ball
1-0: Foul Ball, location: 2F
1-1: Fly out, F4 (Line Drive, 4)
Batting: LHB Ty Tomblin 0-0: Fly out, F7 (Flyball, 7)
Top of the 8th over - 0 runs, 0 hits, 0 errors, 0 left on base; Northern Virginia 6 - Vancouver 4
BOTTOM OF THE 8TH
Vancouver Grey Wolves batting - Pitching for Northern Virginia Rainbow Mermaids : RHP Iván García
Batting: LHB Preston Witt 0-0: Fly out, F9 (Flyball, 89S)
Batting: RHB Wilson Vega 0-0: Ball
1-0: Swinging Strike
1-1: Called Strike
1-2: Ball
2-2: Ball
3-2: Foul Ball, location: 2F
3-2: Foul Ball, location: 2F
3-2: Foul Ball, location: 2F
3-2: Strikes out looking
Batting: RHB Urs van Munster 0-0: Ball
1-0: Ball
2-0: Called Strike
2-1: Ground out 6-3 (Groundball, 6)
Bottom of the 8th over - 0 runs, 0 hits, 0 errors, 0 left on base; Northern Virginia 6 - Vancouver 4
TOP OF THE 9TH
Northern Virginia Rainbow Mermaids batting - Pitching for Vancouver Grey Wolves : RHP Francisco Valdés
Batting: LHB Scott Kerin 0-0: Foul Ball, location: 2F
0-1: DOUBLE (Groundball, 3L)
Batting: LHB Kyoji Hakoda 0-0: Intentional Walk
Batting: SHB Melito Báez 0-0: Ball
1-0: Fielders Choice at 2nd, 1-6 (Groundball, P)
Scott Kerin to third
Batting: LHB Count Dante 0-0: Called Strike
0-1: Ball
1-1: Ball
2-1: SINGLE (Flyball, 6D)
Scott Kerin scores
Melito Báez to second
Batting: RHB Mike Strickland 0-0: Ball
1-0: Foul Ball, location: 2F
1-1: Grounds into double play, 4-6-3 (Groundball, 4)
Top of the 9th over - 1 run, 2 hits, 0 errors, 1 left on base; Northern Virginia 7 - Vancouver 4
BOTTOM OF THE 9TH
Vancouver Grey Wolves batting - Pitching for Northern Virginia Rainbow Mermaids : RHP Iván García
Batting: RHB Iván Vega 0-0: Called Strike
0-1: Ball
1-1: Ground out 6-3 (Groundball, 6)
Batting: SHB Terumoto Kurihara 0-0: Called Strike
0-1: Ground out 2-3 (Groundball, 15S)
Batting: RHB Arlen Joysey 0-0: Fly out, F7 (Flyball, 78M)
Bottom of the 9th over - 0 runs, 0 hits, 0 errors, 0 left on base; Northern Virginia 7 - Vancouver 4
Tuesday, June 12th, 2018 - OOTP Baseball 18.8 Build 76